 Dungeon Crawl Stone Soup version 0.30-a0-528-g8c47a4955b (webtiles) character file.

Game seed: 13306341740618932126

65 Jase the Magician (level 4, 31/32 HPs)
             Began as a Djinni Fire Elementalist on Dec 24, 2022.
             Quit the game on level 2 of the Dungeon.
             The game lasted 00:04:47 (1273 turns).

Jase the Magician (Djinni Fire Elementalist)        Turns: 1273, Time: 00:04:47

Health: 31/32      AC:  6    Str:  7    XL:     4   Next: 34%
Gold:   180        EV: 13    Int: 18    God:
                   SH:  0    Dex: 14

rFire   + + .      SeeInvis .    a - +0 whip
rCold   x . .      Faith    .    (no shield)
rNeg    . . .      Spirit   .    d - +0 robe
rPois   ∞          Reflect  .    (no helmet)
rElec   .          Harm     .    (no cloak)
rCorr   .          Rampage  .    (no gloves)
Will    .....                    (boots unavailable)
Stlth   ++                       (no amulet)
HPRegen 0.25/turn                i - +4 ring of protection
MPRegen 0.00/turn                (no ring)

@: flying
A: sickness immunity, fire resistance 2, cold vulnerability 1, float, innate
caster, HP casting, extra vitality 1
a: no special abilities


You were on level 2 of the Dungeon.
You visited 1 branch of the dungeon, and saw 2 of its levels.

You collected 180 gold pieces.

Inventory:

Hand Weapons
 a - a +0 whip (weapon)
Armour
 d - a +0 robe (worn)
Jewellery
 i - a +4 ring of protection (left hand)
Scrolls
 c - 2 scrolls of noise {unknown}
 f - a scroll of poison {unknown}
 g - 4 scrolls of blinking {unknown}
 h - 3 scrolls of identify {unknown}
Potions
 b - a potion of magic
 e - a potion of attraction {unknown}
 j - 2 potions of mutation {unknown}


   Skills:
 + Level 1.5 Fighting
 + Level 3.0 Dodging
 - Level 1.5 Stealth
 * Level 3.2 Spellcasting


You couldn't memorise any spells.
You knew the following spells:

 Your Spells              Type           Power      Damage    Failure   Level
a - Foxfire               Conj/Fire      56%        2x1d6     4%          1
b - Scorch                Fire           28%        2d6       6%          2
c - Kindle Blastsparks    Fire/Tloc/Air  28%        2d12      13%         3
d - Inner Flame           Hex/Fire       14%        N/A       13%         3
e - Flame Wave            Conj/Fire      14%        2d6       38%         4
f - Freeze                Ice            56%        1d7       4%          1
Your spell library was empty.

Dungeon Overview and Level Annotations

Branches:
Dungeon (2/15)

Altars:


Innate Abilities, Weirdness & Mutations

You are immune to sickness and miasma.
You are immune to poison.
Your flesh is very heat resistant. (rF++)
You are vulnerable to cold. (rC-)
You float through the air rather than walking.
You learn spells naturally, not from books.
Your magical power is your life essence.
You have superior vitality. (+4 MHP)


Message History

The foxfire hits the endoplasm.
You kill the endoplasm!
Your foxfire dissipates! x2
HP restored.
Found a stone staircase leading down.
Found 4 stones.
Found a stone staircase leading down.
You now have 160 gold pieces (gained 6).
A rat comes into view.
A rat is nearby!
You conjure some foxfire!
You conjure some foxfire!
A quokka comes into view.
Found a stone staircase leading up.
The foxfire hits the rat.
You kill the rat!
Your foxfire dissipates!
The foxfire hits the quokka.
The quokka is moderately wounded.
You conjure some foxfire!
The foxfire hits the quokka.
You kill the quokka!
Your foxfire dissipates!
Your foxfire dissipates!
Found a hand axe.
You see here a rat corpse.
You now have 168 gold pieces (gained 8).
You now have 180 gold pieces (gained 12).
A rat comes into view.
You conjure some foxfire!
The foxfire hits the rat.
You kill the rat!
Your foxfire dissipates!
g - 4 scrolls labelled BUTOLOOVAT (gained 1)
j - 2 lumpy coppery potions A bat comes into view.
You conjure some foxfire!
You conjure some foxfire!
The foxfire hits the bat.
You kill the bat!
Your foxfire dissipates!
You start resting.
Your foxfire dissipates!
Are you sure you want to abandon this character and quit the game? (Confirm with "yes".)

##......# #...######
##....#.## ####<...#
...#.....####.....#.########
<##..##..........##.........
###.###....#####.###########
......>...## #..##
......##.## #...#####
......##.#######.#.....#
................@.####.#
......#..............#
......###>........##....
......# .........# ##.
####### ......§..#
.......$.# ......§..#
.......†.#


There were no monsters in sight!

Vanquished Creatures
  3 adders (D:2)
  2 dart slugs
  4 bats (D:2)
  3 endoplasms
  A giant cockroach (D:1)
  A goblin (D:2)
  6 hobgoblins
  4 jackals (D:1)
  A quokka (D:2)
  2 ball pythons (D:1)
  A kobold (D:2)
  4 rats
32 creatures vanquished.

Vanquished Creatures (others)
  110 foxfires
110 creatures vanquished.

Grand Total: 142 creatures vanquished

Notes
Turn   | Place    | Note
-------+----------+-------------------------------------------
     0 | D:1      | Jase the Djinni Fire Elementalist began the quest for the
                  | Orb.
     0 | D:1      | Jase set off with the following spells memorised: Foxfire,
                  | Scorch, Kindle Blastsparks, Inner Flame, Flame Wave.
     0 | D:1      | Reached XP level 1. HP: 15/15 MP: 0/0
   227 | D:1      | Reached XP level 2. HP: 19/22 MP: 0/0
   581 | D:1      | Reached skill level 1 in Fighting
   581 | D:1      | Reached XP level 3. HP: 21/27 MP: 0/0
   581 | D:1      | Learned a level 1 spell: Freeze
   981 | D:2      | Reached XP level 4. HP: 29/32 MP: 0/0
  1273 | D:2      | Quit the game

Illustrated notes

Levels and vault maps discovered:
D:1:      evilmike_arrival_plus, layout_basic
D:2:      layout_rooms

Skill      XL: |  1  2  3  4 |
---------------+-------------+-----
Fighting       | 1 |  1.5
Spellcasting   | 3 |  3.2
Dodging        | 3 |  3.0
Stealth        | |  1.5

Action                   |  1- 3 |  4- 6 || total
-------------------------+-------+-------++-------
Melee: Unarmed           |     3 |       ||     3
       Whip              |    12 |     1 ||    13
 Cast: Foxfire           |    49 |    19 ||    68
 Stab: Sleeping          |     1 |       ||     1
Armor: Robe              |     1 |       ||     1
Dodge: Dodged            |    13 |       ||    13

Table legend: (Time is in decaauts)
 A = Elapsed time spent in this place.
 B = Non-inter-level travel time spent in this place.
 C = Inter-level travel time spent in this place.
 D = Time resting spent in this place.
 E = Time spent auto-exploring this place.
 F = Levels seen in this place.
 G = Mean time per level.
                   A        B        C        D        E       F      G
               +--------+--------+--------+--------+--------+-----+--------+
         Total |   1273 |   1248 |     25 |    100 |    962 |   2 |  636.5 |
       Dungeon |   1273 |   1248 |     25 |    100 |    962 |   2 |  636.5 |
               +--------+--------+--------+--------+--------+-----+--------+

Top non-repeatable levels by time:
     D:1: 790 daAuts
     D:2: 482 daAuts
